 Dungeon Crawl Stone Soup version 0.30-a0-778-g2ef04afb54 (webtiles) character file.

Game seed: 12983641121366226211

28 Smoke131 the Trooper (level 3, 0/37 HPs)
             Began as an Ogre Gladiator on Feb 17, 2023.
             Slain by an orc
             ... wielding a +0 club
              (2 damage)
             ... on level 2 of the Dungeon.
             The game lasted 00:03:39 (1265 turns).

Smoke131 the Trooper (Ogre Gladiator)               Turns: 1265, Time: 00:03:40

Health: 0/37       AC:  3    Str: 17 (18) XL:     3   Next: 14%
Magic:  3/3        EV: 10    Int:  6 (9)  God:
Gold:   98         SH:  0    Dex: 11 (12) Spells: 2/2 levels left

rFire   . . .      SeeInvis .    a - +0 war axe
rCold   . . .      Faith    .    (no shield)
rNeg    + . .      Spirit   .    b - +0 robe
rPois   .          Reflect  .    c - +0 hat
rElec   .          Harm     .    (no cloak)
rCorr   .          Rampage  .    (gloves unavailable)
Will    .....                    (boots unavailable)
Stlth   +                        (no amulet)
HPRegen 0.26/turn                p - ring of positive energy
MPRegen 0.08/turn                (no ring)

@: hasted, very quick
A: large, unfitting armour, tough skin 1
a: no special abilities


You were on level 2 of the Dungeon.
You visited 1 branch of the dungeon, and saw 3 of its levels.

You collected 98 gold pieces.

Inventory:

Hand Weapons
 a - a +0 war axe (weapon)
Missiles
 d - 3 throwing nets (quivered)
 i - 30 stones
Armour
 b - a +0 robe (worn)
 c - a +0 hat (worn)
 o - a scarf of invisibility
Jewellery
 p - a ring of positive energy (left hand)
Scrolls
 f - 3 scrolls of amnesia {unknown}
 k - a scroll of noise {unknown}
 l - 2 scrolls of fear {unknown}
 m - 2 scrolls of identify {unknown}
 n - a scroll of torment {unknown}
 q - a scroll of blinking {unknown}
 r - a scroll of immolation {unknown}
Potions
 j - a potion of heal wounds {unknown}


   Skills:
 + Level 3.4 Fighting
 - Level 3.0 Axes
 + Level 2.5 Throwing
 + Level 3.1 Dodging


You had 2 spell levels left.
You didn't know any spells.
Your spell library contained the following spells:

 Spells                   Type           Power      Damage    Failure   Level
 Slow                     Hex            0%         N/A       45%         1
 Confusing Touch          Hex            0%         N/A       83%         3
 Ignite Poison            Fire/Tmut/Pois 0%         N/A       83%         3
 Kindle Blastsparks       Fire/Tloc/Air  0%         2d10      83%         3
 Ozocubu's Armour         Ice            0%         N/A       83%         3
 Vampiric Draining        Necr           0%         2d6       83%         3
 Freezing Cloud           Conj/Ice/Air   0%         6-21      100%        5
 Metabolic Englaciation   Hex/Ice        0%         N/A       100%        5
 Ozocubu's Refrigeration  Ice            0%         4d7       100%        7
 Lehudib's Crystal Spear  Conj/Erth      0%         10d2      100%        8


Dungeon Overview and Level Annotations

Branches:
Dungeon (3/15)

Altars:

Shops:
D:2 =


Innate Abilities, Weirdness & Mutations

You are too large for most types of armour.
You have tough skin. (AC +1)


Message History

There is a stone staircase leading down here.
p - a ring of positive energy (left hand)
You climb downwards.
The iguana hisses angrily.
Found a stone staircase leading up and a stone staircase leading down.
There is a stone staircase leading up here.
Throw: large rock
Press: ? - help, Q - select action, (/) - cycle Shift-Dir - straight line, f - iguana
Aim: an iguana (63% to hit)
You throw a large rock.
The large rock barely misses the iguana.
You barely miss the iguana.
An orc comes into view. It is wielding a +0 club.
The iguana bites you. The iguana closely misses you.
You barely miss the iguana. The iguana bites you.
The orc shouts!
You hit the iguana.
The iguana is lightly wounded.
You hear a shout!
The iguana bites you!
A bat comes into view.
You hit the iguana.
The iguana is heavily wounded.
The iguana bites you!
* * * LOW HITPOINT WARNING * * *
The iguana misses you. The orc hits you with a +0 club.
* * * LOW HITPOINT WARNING * * *
The iguana barely misses you.
You climb upwards.
There is a stone staircase leading down here.
It was a potion of degeneration.
There was something very wrong with that liquid.
You feel weakened.
You feel dopey.
You feel clumsy. The iguana bites you.
* * * LOW HITPOINT WARNING * * *
The orc barely misses you.
It was a potion of haste.
You feel yourself speed up. The iguana barely misses you.
The orc hits you with a +0 club.
You die...

#.#.#.#.##..........######### #
#.#.#.#.##..........##......####
#.#.#.#.##.........)##......'..'
#.#.#.#[####+#######........####
#.#...#.####.#######.########...
##.#####....#....##...# #...
............####....### #...
###########....l)....# #...
#........'.....@....# #...
#.########.....o....# #... #.#
#..........# #... #.#
#..........# #... #.#
#..........# #... #.#
#..........# #... #.#
#..........# ####
#.########..........#
#.................###


You could see an iguana and an orc.

Vanquished Creatures
  A dart slug (D:1)
  2 ball pythons
  3 endoplasms
  2 giant cockroaches (D:1)
  3 goblins
  2 hobgoblins
  A quokka (D:1)
  3 bats (D:1)
  2 frilled lizards
  2 kobolds
  3 rats
24 creatures vanquished.

Notes
Turn   | Place    | Note
-------+----------+-------------------------------------------
     0 | D:1      | Smoke131 the Ogre Gladiator began the quest for the Orb.
     0 | D:1      | Reached XP level 1. HP: 22/22 MP: 1/1
    10 | D:1      | Got the Spellbook of Talus and the Blizzard
   179 | D:1      | Reached XP level 2. HP: 29/31 MP: 2/2
   376 | D:1      | Found a faded altar of an unknown god.
   740 | D:2      | Reached XP level 3. HP: 32/37 MP: 3/3
   874 | D:2      | Found Konaw's Jewellery Emporium.
  1264 | D:2      | HP: 1/37 [iguana (5)]
  1265 | D:2      | Slain by an orc

Illustrated notes

Levels and vault maps discovered:
D:1:      lemuel_arrival_muddy, layout_rooms, chequers_ecumenical_altar_twisty,
          minmay_misc_feat_roman
D:2:      layout_basic, serial_shops, shop
D:3:      layout_basic, serial_forest, infiniplex_forest_lined_3_way,
          infiniplex_forest_straight_2, infiniplex_forest_straight_2,
          infiniplex_forest_end_2, infiniplex_forest_clump_tiny,
          infiniplex_forest_end_3, serial_shops, shop, uniq_terence,
          uniq_jessica

Skill      XL: |  1  2 |
---------------+-------+-----
Fighting       | 3 |  3.4
Dodging        | 3 |  3.1
Axes           | |  3.0
Throwing       | |  2.5

Action                     || total
---------------------------++-------
  Melee: War axe           ||    70
  Throw: Large rock        ||     1
    Use: Potion            ||     2
 Armour: Robe              ||    17
  Dodge: Dodged            ||    52

Table legend: (Time is in decaauts)
 A = Elapsed time spent in this place.
 B = Non-inter-level travel time spent in this place.
 C = Inter-level travel time spent in this place.
 D = Time resting spent in this place.
 E = Time spent auto-exploring this place.
 F = Levels seen in this place.
 G = Mean time per level.
                   A        B        C        D        E       F      G
               +--------+--------+--------+--------+--------+-----+--------+
         Total |   1289 |   1277 |     12 |      0 |    978 |   3 |  429.7 |
       Dungeon |   1289 |   1277 |     12 |      0 |    978 |   3 |  429.7 |
               +--------+--------+--------+--------+--------+-----+--------+

Top non-repeatable levels by time:
     D:2: 643 daAuts
     D:1: 637 daAuts
     D:3: 9 daAuts
